 Dungeon Crawl Stone Soup version 0.22-a0-136-g83a10e5 (webtiles) character file.

41 4thArraOfDagon the Grave Robber (level 3, -2/24 HPs)
             Began as a Formicid Necromancer on Feb 4, 2018.
             Was an Initiate of Vehumet.
             Slain by a centaur warrior skeleton (3 damage)
             ... on level 12 of the Dungeon.
             The game lasted 00:06:00 (860 turns).

4thArraOfDagon the Grave Robber (FoNe)               Turns: 860, Time: 00:06:00

Health: -2/24      AC:  7    Str: 12    XL:     3   Next: 75%
Magic:  6/6        EV: 10    Int: 15    God:    Vehumet [......]
Gold:   69         SH:  0    Dex: 11    Spells: 2/6 levels left

rFire    . . .     SeeInvis +   n - +0 whip (flame)
rCold    . . .     Gourm    .   (no shield)
rNeg     . . .     Faith    .   f - +1 ring mail (curse)
rPois    .         Spirit   .   (helmet unavailable)
rElec    .         Reflect  .   (no cloak)
rCorr    .         Harm     .   m - +0 pair of gloves
MR       +....                  (no boots)
Stlth    +.........             h - amulet of inaccuracy (curse)
HPRegen  0.08/turn              d - ring of protection from magic
MPRegen  0.10/turn              l - ring of teleportation (curse)

@: no status effects
A: permanent stasis, dig shafts and tunnels, four strong arms, antennae 3
a: Dig, Shaft Self, Renounce Religion


You were on level 12 of the Dungeon.
You worshipped Vehumet.
Vehumet was noncommittal.
You were hungry.

You visited 1 branch of the dungeon, and saw 9 of its levels.

You collected 69 gold pieces.

Inventory:

Hand Weapons
 i - a cursed -3 hunting sling
 j - a +0 rapier
 k - a cursed -1 hunting sling
 n - a +0 whip of flaming (weapon)
Armour
 a - a +0 robe
 f - a cursed +1 ring mail (worn)
 m - a +0 pair of gloves (worn)
Jewellery
 d - a ring of protection from magic (left hand)
 h - a cursed amulet of inaccuracy (around neck)
 l - a cursed ring of teleportation (right hand)
Wands
 g - a wand of flame (21)
Books
 b - a book of Necromancy

   Spells                             Type                      Level
   a - Pain                           Necromancy                   1
   b - Animate Skeleton               Necromancy                   1
   c - Vampiric Draining              Necromancy                   3
   d - Regeneration                   Charms/Necromancy            3
   e - Animate Dead                   Necromancy                   4
Comestibles
 c - 3 rations


   Skills:
 - Level 1.7 Dodging
 - Level 2.4 Stealth
 - Level 2.1 Spellcasting
 * Level 5.2 Necromancy


You had 2 spell levels left.
You knew the following spells:

 Your Spells              Type           Power        Failure   Level  Hunger
a - Pain                  Necr           ###.         6%          1    #......
b - Vampiric Draining     Necr           ###.......   17%         3    ###....


Dungeon Overview and Level Annotations

Branches:
Dungeon (8/15)
 Temple: D:4-7         Lair: D:8-11

Altars:
Vehumet
Zin

Annotations:
D:2 Sigmund


Innate Abilities, Weirdness & Mutations

You cannot be hasted, slowed, berserked, paralysed or teleported.
You can dig through walls and to a lower floor.
Your four strong arms can wield two-handed weapons with a shield.
You have a pair of large antennae on your head. (SInv)


Message History

The centaur warrior skeleton barely misses you.
You hit the centaur warrior skeleton. You burn the centaur warrior skeleton.
The centaur warrior skeleton is lightly damaged.
The centaur warrior skeleton hits you.
* * * LOW HITPOINT WARNING * * *
The centaur warrior skeleton closely misses you.
Unknown command.
You barely miss the centaur warrior skeleton.
The centaur warrior skeleton is lightly damaged.
The centaur warrior skeleton hits you.
* * * LOW HITPOINT WARNING * * *
Unknown command.
Unknown command.
There are no items here.
Unknown command.
Unknown command.
Are you sure you want to shaft yourself?
You are feeling hungry.
The centaur warrior skeleton hits you.
You die...

#
#..#
#.# #
#..#
#.# #
#..#
#.# #
#..#
#.# #
#..#
#.# #
##.#
#.# #
.#
#.# #
#.#
#@#
#.Z.#
###.#
.# #


You could see a centaur warrior skeleton.

Vanquished Creatures
  A centaur skeleton (D:8)
  An adder (D:4)
  2 goblins (D:1)
  A hobgoblin (D:7)
  A bat (D:1)
  2 rats (D:1)
8 creatures vanquished.

Notes
Turn   | Place    | Note
-------+----------+-------------------------------------------
     0 | D:1      | 4thArraOfDagon the Formicid Necromancer began the quest for the Orb.
     0 | D:1      | Reached XP level 1. HP: 13/13 MP: 3/3
   192 | D:2      | Noticed Sigmund
   198 | D:2      | You fall through a shaft for 2 floors!
   267 | D:4      | Reached XP level 2. HP: 17/19 MP: 0/5
   347 | D:5      | Entered Level 5 of the Dungeon
   369 | D:5      | You fall through a shaft for 2 floors!
   394 | D:7      | Found a glowing silver altar of Zin.
   408 | D:7      | Noticed a crimson imp
   420 | D:6      | Noticed a bullfrog
   423 | D:7      | wazuzu: FoNe^zin
   423 | D:7      | wazuzu: kek
   467 | D:6      | You fall through a shaft!
   467 | D:7      | Found a radiant altar of Vehumet.
   475 | D:7      | wazuzu: goddamnit game
   648 | D:7      | Found a radiant altar of Vehumet.
   675 | D:7      | Noticed an ogre
   696 | D:7      | Became a worshipper of Vehumet
   741 | D:8      | wazuzu: >inb4 haunt by lair
   764 | D:8      | Noticed a slave
   796 | D:8      | Reached skill level 5 in Necromancy
   796 | D:8      | Reached XP level 3. HP: 15/24 MP: 6/6
   799 | D:8      | You fall through a shaft!
   799 | D:9      | Noticed a hippogriff
   799 | D:9      | Noticed a centaur
   802 | D:9      | You fall through a shaft for 3 floors!
   809 | D:12     | Learned a level 3 spell: Vampiric Draining
   854 | D:12     | Noticed a centaur warrior skeleton
   859 | D:12     | HP: 1/24 [centaur warrior skeleton (1)]
   860 | D:12     | Slain by a centaur warrior skeleton

Vault maps used:
D:1:      minmay_arrival_shattered_statue
D:2:      marbit_many_paths, lemuel_round_altar, uniq_sigmund
D:4:      nicolae_overflow_crystal_walls, portal_sewer_entry_a, first_ration
D:5:      yredelemnul_forgotten_temple_becter, kennysheep_mini_moat,
          nemelex_diamond_rough_becter
D:6:      minmay_temple_entry_nine_rooms, basic_altar, serial_corexii_hall,
          corexii_hall_statues_u, corexii_hall_statues_l
D:7:      nicolae_overflow_hidden_temple, vehumet_altar_wand_db, basic_altar,
          minmay_crystal_room, cheibriados_altar_1, uniq_menkaure
D:8:      david_nohive_1, hangedman_misty_isle, uniq_pikel
D:9:      david_orc_2, uniq_joseph, uniq_erica
D:12:     enter_bailey_2, serial_glass, glass_columns_c, glass_columns_b,
          glass_columns_b, serial_bayou_pond_d, dk_vineyard_3

Skill      XL: |  1  2 |
---------------+-------+-----
Necromancy     | 5 |  5.2
Dodging        | |  1.7
Stealth        | |  2.4
Spellcasting   | |  2.1

Action                   || total
-------------------------++-------
Melee: Whip              ||    12
 Cast: Pain              ||    13
 Abil: Dig               ||    12
       Shaft Self        ||     5
  Use: Scroll            ||     5
       Potion            ||     1
  Eat: Ration            ||     1
Armor: Ring mail         ||     9
Dodge: Dodged            ||    13

Table legend:
 A = Spawn XP
 B = Non-spawn XP
 C = Spawn XP percentage of total XP
 D = Spawn monster count
 E = Non-spawn monster count
 F = Spawn count percentage of total count
 G = Total turns spent on level
                    A         B        C        D         E        F      G
               +---------+---------+-------+---------+---------+-------+---------
         Total |       0 |      59 |   0.0 |       0 |       8 |   0.0 |   860
               +---------+---------+-------+---------+---------+-------+---------
           D:1 |       0 |       7 |   0.0 |       0 |       5 |   0.0 |   174
           D:4 |       0 |      13 |   0.0 |       0 |       1 |   0.0 |   149
           D:7 |       0 |       2 |   0.0 |       0 |       1 |   0.0 |   347
           D:8 |       0 |      37 |   0.0 |       0 |       1 |   0.0 |    70
               +---------+---------+-------+---------+---------+-------+---------
